 Dungeon Crawl Stone Soup version 0.21.1-1-g345015f (webtiles) character file.

1546 inc the Nimble (level 8, -7/39 HPs)
             Began as a Felid Ice Elementalist on Feb 22, 2018.
             Was a Follower of Uskayaw.
             Mangled by a wolf (10 damage)
             ... led by Grum
             ... on level 8 of the Dungeon.
             The game lasted 00:23:20 (5588 turns).

inc the Nimble (Felid Ice Elementalist)             Turns: 5588, Time: 00:23:25

Health: -7/39      AC:  2    Str:  4    XL:     8   Next: 57%
Magic:  8/11       EV: 25    Int: 24    God:    Uskayaw [*.....]
Gold:   118        SH:  0    Dex: 16    Spells: 7/11 levels left
                                        Lives:  0   Deaths: 2

rFire    . . .     SeeInvis +     - Unarmed
rCold    . . .     Gourm    .   (shield unavailable)
rNeg     . . .     Faith    .   (armour unavailable)
rPois    .         Spirit   .   (helmet unavailable)
rElec    .         Reflect  .   (cloak unavailable)
rCorr    .         Harm     .   (gloves unavailable)
MR       +....     Rnd*Rage +   (boots unavailable)
Stlth    +++.......             y - amulet of magic regeneration
HPRegen  0.13/turn              l - +2 ring of intelligence
MPRegen  0.37/turn              (no ring)

@: quick
A: very small, no armour, no weapons or thrown items, stealth, claws 1, fangs 3,
see invisible, berserk 1, carnivore, clever 1, speed 1, low mp 1, shaggy fur 2,
slow metabolism 1, sharp paws
a: Stomp, Renounce Religion


You were on level 8 of the Dungeon.
You worshipped Uskayaw.
Uskayaw was noncommittal.
You were not hungry.

You visited 2 branches of the dungeon, and saw 11 of its levels.
You also visited: Sewer and Ossuary.

You collected 118 gold pieces.

Inventory:

Jewellery
 l - a +2 ring of intelligence (left paw)
 y - an amulet of magic regeneration (around neck)
Wands
 z - a wand of flame (28)
Scrolls
 d - a scroll of fog
 e - 2 scrolls of remove curse
 f - 4 scrolls of immolation
 j - 2 scrolls of enchant weapon
 m - a scroll of amnesia {unknown}
 n - 2 scrolls of magic mapping
 s - a scroll of vulnerability {unknown}
 v - 2 scrolls of teleportation
 x - a scroll of blinking {unknown}
 C - a scroll of identify
Potions
 c - a potion of berserk rage {unknown}
 g - a potion of mutation
 h - 5 potions of agility
 i - 2 potions of haste
 k - a potion of lignification {unknown}
 o - 2 potions of invisibility
 p - a potion of flight {unknown}
 q - 2 potions of degeneration
 r - 3 potions of resistance
 u - a potion of brilliance {unknown}
 A - a potion of heal wounds {unknown}
Books
 a - a book of Frost

   Spells                             Type                      Level
   a - Freeze                         Ice                          1
   b - Throw Frost                    Conjuration/Ice              2
   c - Ozocubu's Armour               Charms/Ice                   3
   d - Throw Icicle                   Conjuration/Ice              4
   e - Summon Ice Beast               Ice/Summoning                4
 w - a book of Callings

   Spells                             Type                      Level
   a - Summon Small Mammal            Summoning                    1
   b - Call Imp                       Summoning                    2
   c - Call Canine Familiar           Summoning                    3
   d - Summon Guardian Golem          Hexes/Summoning              3
   e - Summon Lightning Spire         Summoning/Air                4
   f - Summon Ice Beast               Ice/Summoning                4
 B - a book of Flames

   Spells                             Type                      Level
   a - Flame Tongue                   Conjuration/Fire             1
   b - Throw Flame                    Conjuration/Fire             2
   c - Conjure Flame                  Conjuration/Fire             3
   d - Inner Flame                    Hexes/Fire                   3
   e - Sticky Flame                   Conjuration/Fire             4
   f - Fireball                       Conjuration/Fire             5
Comestibles
 b - 12 rations


   Skills:
 - Level 6.6 Fighting
 - Level 9.5 Dodging
 - Level 2.7 Stealth
 - Level 8.0 Unarmed Combat
 - Level 2.0 Spellcasting
   Level 0.8 Conjurations
 - Level 6.3 Charms
 - Level 5.0 Ice Magic
 + Level 5.2 Invocations


You had 7 spell levels left.
You knew the following spells:

 Your Spells              Type           Power        Failure   Level  Hunger
a - Freeze                Ice            ####         1%          1    #......
b - Ozocubu's Armour      Chrm/Ice       ####....     3%          3    ###....


Dungeon Overview and Level Annotations

Branches:
Dungeon (10/15)            Temple (1/1) D:6
   Lair: D:8-11         Orc: D:9-12

Altars:
Ashenzari
Cheibriados
Elyvilon
Fedhas
Gozag
Nemelex Xobeh
Okawaru
Ru
Trog
Uskayaw
Vehumet
Wu Jian
Yredelemnul
Zin
The Shining One

Shops:
D:10 *

Annotations:
D:4 Blork the orc
D:7 Dowan, Duvessa
D:9 Grum


Innate Abilities, Weirdness & Mutations

You cannot wear armour.
You are incapable of wielding weapons or throwing items.
Your paws allow you to move quietly. (Stealth)
You have sharp claws.
You have razor-sharp teeth.
You have supernaturally acute eyesight. (SInv)
You are carnivorous and can eat meat at any time.
You cover ground quickly.
You are covered in thick fur. (AC +2)
You have a slow metabolism.
Your sharp claws are effective at attacking unaware monsters.
You tend to lose your temper in combat.
Your mind is acute. (Int +2)
Your magical capacity is low. (-10% MP)


Message History

The wolf completely misses you.
You scratch the wolf. You bite the wolf, but do no damage.
The wolf is heavily wounded.
The wolf closely misses you. The wolf completely misses you.
You scratch the wolf but do no damage. Your claw misses the wolf.
The wolf is heavily wounded.
Your icy armour evaporates.
The wolf completely misses you.
Casting: Ozocubu's Armour
Confirm with . or Enter, or press ? or * to list all spells.
A film of ice covers your body! The wolf completely misses you.
The wolf barely misses you.
It was a potion of cancellation.
Your magical effects are unravelling.
You feel magically purged.
Your magical contamination has completely faded away.
Your icy armour evaporates.
You flicker back into view.
You feel a little less agile now. The wolf bites you!
You die...

####### #.....#
#.#####.>...##
#...@hh.......#
#.....####.....#.#
##.#. #...#.# ..
###.._.. #. ##.#.#
# ...# ###


You could see 2 wolves.

Vanquished Creatures
  Pikel (D:6)
  A hippogriff (D:10)
  Edmund (D:5)
  An ice beast (D:5)
  A slave (D:6)
  4 ogres
  A centaur (D:5)
  A crocodile (Sewer)
  3 bullfrogs
  A scorpion (D:6)
  4 killer bees (D:5)
  3 centaur zombies
  2 crimson imps
  A hound (D:5)
  An orc priest (D:6)
  A bullfrog skeleton (D:4)
  An orc wizard (D:9)
  5 worker ants
  2 hound zombies
  2 hound skeletons
  23 mummies (Ossuary)
  5 gnolls
  3 adders
  2 river rats (D:6)
  A shadow imp (D:5)
  An adder skeleton (D:5)
  4 adder zombies (Ossuary)
  A worm (D:6)
  2 leopard geckos
  12 orcs
  A ball python (D:6)
  10 giant cockroaches
  2 goblins
  3 hobgoblins (D:1)
  6 jackals
  7 kobolds
  4 quokkas
  A ball python zombie (Ossuary)
  2 bats (D:1)
  3 frilled lizards
  2 leopard gecko zombies
  2 quokka zombies (Ossuary)
  8 rats
142 creatures vanquished.

Vanquished Creatures (others)
  A slave (D:6)
  A quokka zombie (D:6)
  2 withered plants (Ossuary)
4 creatures vanquished.

Grand Total: 146 creatures vanquished

Notes
Turn   | Place    | Note
-------+----------+-------------------------------------------
     0 | D:1      | inc the Felid Ice Elementalist began the quest for the Orb.
     0 | D:1      | Reached XP level 1. HP: 7/7 MP: 4/4
    24 | D:1      | Reached skill level 1 in Unarmed Combat
    67 | D:1      | Reached XP level 2. HP: 11/11 MP: 1/6
   586 | D:3      | Found a glowing golden altar of the Shining One.
   612 | D:4      | Reached XP level 3. HP: 14/14 MP: 2/7
   617 | D:4      | Learned a level 3 spell: Ozocubu's Armour
   625 | D:4      | Noticed Blork the orc
   661 | D:4      | Noticed an ogre
   671 | D:4      | Killed an ogre
   671 | D:4      | Reached skill level 5 in Ice Magic
   671 | D:4      | Reached XP level 4. HP: 6/18 MP: 0/8
   950 | D:5      | Entered Level 5 of the Dungeon
  1014 | D:5      | Reached skill level 3 in Dodging
  1014 | D:5      | Reached XP level 5. HP: 12/21 MP: 1/9
  1083 | D:5      | Noticed a centaur
  1087 | D:5      | Noticed Edmund
  1186 | D:5      | Killed a centaur
  1186 | D:5      | Gained mutation: You are covered in thick fur. (AC +2) [Felid growth]
  1186 | D:5      | Reached XP level 6. HP: 13/24 MP: 0/10
  1197 | D:5      | Found a glowing silver altar of Zin.
  1310 | D:5      | Found a sand-covered staircase.
  1321 | Ossuary  | Entered an ossuary
  1339 | Ossuary  | Mangled by a mummy
  1340 | Ossuary  | Reached XP level 5. HP: -7/21 MP: 7/9
  1342 | Ossuary  | Reached skill level 9 in Dodging
  1342 | Ossuary  | Reached XP level 6. HP: 31/31 MP: 10/10
  1445 | Ossuary  | Reached skill level 1 in Charms
  1450 | Ossuary  | Reached XP level 7. HP: 23/35 MP: 9/11
  2045 | D:5      | Reached skill level 5 in Charms
  2051 | D:5      | Reached XP level 8. HP: 25/39 MP: 4/12
  2390 | D:5      | Killed Edmund
  2539 | D:5      | Found an iron altar of Okawaru.
  2636 | D:5      | Found a bloodstained altar of Trog.
  2715 | D:6      | Found the +0 mask of the Dragon {MR+ Slay+3 SInv}
  2804 | D:6      | Found a staircase to the Ecumenical Temple.
  2906 | Temple   | Entered the Ecumenical Temple
  3069 | Temple   | Became a worshipper of Uskayaw the Reveler
  3216 | D:6      | Noticed Pikel
  3291 | D:6      | Reached * piety under Uskayaw
  3294 | D:6      | Reached ** piety under Uskayaw
  3298 | D:6      | Reached *** piety under Uskayaw
  3469 | D:6      | Found a blossoming altar of Fedhas.
  3611 | D:6      | Found a glowing drain.
  3623 | Sewer    | Entered a sewer
  3680 | Sewer    | Reached skill level 1 in Invocations
  4192 | D:6      | Killed Pikel
  4192 | D:6      | Reached XP level 9. HP: 18/42 MP: 13/13
  4680 | D:7      | Noticed Dowan
  4681 | D:7      | Noticed Duvessa
  4926 | D:7      | You fall through a shaft for 3 floors!
  4926 | D:10     | Entered Level 10 of the Dungeon
  5109 | D:10     | Found Kuxaac's Island Escapes.
  5193 | D:10     | Slain by an ice beast
  5194 | D:10     | Reached XP level 8. HP: -4/39 MP: 11/12
  5366 | D:9      | Reached skill level 5 in Invocations
  5536 | D:9      | Noticed Grum
  5575 | D:8      | Found an ornate altar of the Wu Jian Council.
  5583 | D:8      | Gained mutation: Your magical capacity is low. (-10% MP) [potion of mutation]
  5583 | D:8      | Gained mutation: You tend to lose your temper in combat. [potion of mutation]
  5583 | D:8      | Gained mutation: Your mind is acute. (Int +2) [potion of mutation]
  5588 | D:8      | Mangled by a wolf

Skill      XL: |  1  2  3  4  5  6  7  8  9 |
---------------+----------------------------+-----
Unarmed Combat | 1 7 8 |  8.0
Ice Magic      | 3 5 |  5.0
Dodging        | 3 9 |  9.5
Fighting       | 6 |  6.6
Charms         | 1 5 6 |  6.3
Invocations    | 5 4 |  5.2
Stealth        | |  2.7
Spellcasting   | |  2.0
Conjurations   | |  0.8

Action                   |  1- 3 |  4- 6 |  7- 9 || total
-------------------------+-------+-------+-------++-------
Melee: Unarmed           |    11 |   120 |   426 ||   557
       Bite              |     1 |     8 |    35 ||    44
       Punch             |       |     3 |     9 ||    12
 Cast: Freeze            |    27 |    13 |     8 ||    48
       Ozocubu's Armour  |     1 |     5 |    26 ||    32
Invok: Stomp             |       |       |     6 ||     6
  Use: Potion            |       |     4 |     6 ||    10
       Scroll            |       |     4 |     6 ||    10
 Stab: Sleeping          |     6 |       |     6 ||    12
       Paralysed         |       |       |     4 ||     4
  Eat: Chunk             |     1 |       |    15 ||    16
Armor: Skin              |     1 |    16 |    31 ||    48
Dodge: Dodged            |    15 |    77 |   488 ||   580
